 Dungeon Crawl Stone Soup version 0.30.0-30-g96aa6591b8 (webtiles) character file.

Game seed: 4649607557121339067

49 H0rd4k the Charlatan (level 3, -7/23 HPs)
             Began as an Octopode Artificer on June 30, 2023.
             Killed by divine providence
             ... invoked by an orc priest
              (13 damage)
             ... on level 3 of the Dungeon.
             The game lasted 00:01:15 (1696 turns).

H0rd4k the Charlatan (Octopode Artificer)           Turns: 1696, Time: 00:01:16

Health: -7/23      AC:  1    Str: 11    XL:     3   Next: 77%
Magic:  3/3        EV: 13    Int: 15    God:
Gold:   89         SH:  0    Dex: 12    Spells: 2/2 levels left

rFire   . .          .
                       - Unarmed
rCold   . . .        (no shield)
rNeg    . . .        (helmet restricted)
rPois   .            (no amulet)
rElec   .            (no ring)
rCorr   .            (no ring)
SInv    .            (no ring)
Will    .....        (no ring)
Stlth   +++          (no ring)
HPRegen 0.23/turn    (no ring)
MPRegen 0.08/turn    (no ring)
                     (no ring)

%: no passive effects
@: no status effects
A: almost no armour, amphibious, 8 rings, camouflage 1, gelatinous body 1,
(nimble swimmer 1), tentacles
a: no special abilities


You were on level 3 of the Dungeon.
You visited 1 branch of the dungeon, and saw 3 of its levels.

You collected 89 gold pieces.

Inventory:

Missiles
 k - 5 poisoned darts
Magical Staves
 j - a staff of poison
Wands
 b - a wand of flame (15) (quivered)
 c - a wand of charming (15)
 d - a wand of iceblast (5)
Scrolls
 e - 6 scrolls of identify {unknown}
 g - a scroll of noise {unknown}
 h - a scroll of brand weapon {unknown}
 i - a scroll of immolation {unknown}
 l - a scroll of acquirement {unknown}
 m - a scroll of enchant armour {unknown}
Potions
 a - 4 potions of heal wounds {unknown}
 f - a potion of resistance {unknown}


   Skills:
 + Level 1.0 Fighting
 + Level 2.9 Dodging
 + Level 2.6 Stealth
 + Level 1.1 Unarmed Combat
 + Level 3.9 Evocations


You had 2 spell levels left.
You didn't know any spells.
Your spell library contained the following spells:

 Spells                   Type           Power      Damage    Failure   Level
 Summon Small Mammal      Summ           0%         N/A       26%         1
 Call Canine Familiar     Summ           0%         N/A       63%         3
 Summon Guardian Golem    Hex/Summ       0%         N/A       63%         3


Dungeon Overview and Level Annotations

Branches:
Dungeon (3/15)

Altars:


Innate Abilities, Weirdness & Mutations

You cannot wear most types of armour.
You are amphibious.
You can wear up to eight rings at the same time.
Your skin changes colour to match your surroundings (Stealth+).
Your rubbery body absorbs attacks. (AC +1, EV +1)
((You are camouflaged when in or above water. (Stealth+)))
You have tentacles for arms and can constrict up to eight enemies at once.


Message History

An orc comes into view. It is wielding a +0 hand axe.
The orc shouts! x2; You hear a shout!
An orc priest comes into view. It is wielding a +0 hand axe.
The orc priest shouts!
You tentacle-slap the orc. You grab the orc. You squeeze the orc.
You kill the orc!
You tentacle-slap the orc priest but do no damage.
Your grab misses the orc priest. You squeeze the orc priest.
The orc priest is moderately wounded.
The orc priest closely misses you. The orc barely misses you.
You tentacle-slap the orc priest but do no damage.
Your grab misses the orc priest. Your squeeze misses the orc priest.
The orc priest is moderately wounded.
The orc priest misses you. The orc hits you with a +0 hand axe.
You tentacle-slap the orc priest. You grab the orc priest.
The orc priest is moderately wounded.
You constrict the orc priest.
The orc priest hits you with a +0 hand axe.
The orc misses you.
You tentacle-slap the orc priest.
The orc priest is heavily wounded.
You constrict the orc priest, but do no damage.
The orc priest completely misses you. The orc closely misses you.
You tentacle-slap the orc priest but do no damage.
The orc priest is heavily wounded.
You constrict the orc priest.
The orc priest hits you with a +0 hand axe.
The orc hits you with a +0 hand axe.
You tentacle-slap the orc priest but do no damage.
The orc priest is heavily wounded.
You constrict the orc priest, but do no damage.
The orc priest closely misses you. The orc hits you with a +0 hand axe.
* * * LOW HITPOINT WARNING * * *
You tentacle-slap the orc priest but do no damage.
The orc priest is heavily wounded.
You constrict the orc priest, but do no damage.
The orc priest calls down the wrath of Beogh upon you.
Beogh smites you!
Ouch! That really hurt!
You die...

#####..# #....##.....
##.###....##.....
#..#####..#..... #..#
##....... # #..#
##.###.. #. #..# #..#
### #.. ##..# ##.##
#...##...# ###..#
#...o@...###...##
##..o...###..###
######## #.##
#############
#........#############
#.....................
#......<.#############
#........# #........#


You could see an orc priest and an orc.

Vanquished Creatures
  An adder (D:2)
  A worm (D:3)
  A dart slug (D:1)
  An orc (D:3)
  4 endoplasms
  2 giant cockroaches
  A goblin (D:1)
  2 hobgoblins (D:2)
  7 jackals
  A quokka (D:1)
  3 ball pythons
  4 bats
  2 frilled lizards
30 creatures vanquished.

Notes
Turn   | Place    | Note
-------+----------+-------------------------------------------
     0 | D:1      | H0rd4k the Octopode Artificer began the quest for the Orb.
     0 | D:1      | Reached XP level 1. HP: 13/13 MP: 1/1
   155 | D:1      | Reached XP level 2. HP: 18/18 MP: 2/2
   415 | D:1      | Found a faded altar of an unknown god.
   821 | D:2      | Reached XP level 3. HP: 23/23 MP: 3/3
  1314 | D:3      | Reached skill level 1 in Unarmed Combat
  1696 | D:3      | Killed from afar by an orc priest

Illustrated notes

Levels and vault maps discovered:
D:1:      wander_arrival_lonely_grave, layout_loops_ring,
          dreamdust_ecumenical_altar_grove, chequers_serial_rivers_small_3,
          minmay_pentomino_t2
D:2:      layout_basic
D:3:      layout_rooms, nicolae_hepliaklqana_hippocampus

Skill      XL: |  1  2  3 |
---------------+----------+-----
Stealth        | 2 |  2.6
Unarmed Combat | 1 |  1.1
Fighting       | |  1.0
Dodging        | |  2.9
Evocations     | |  3.9

Action                     || total
---------------------------++-------
  Melee: Unarmed           ||    89
         Tentacles         ||    21
         Constrict         ||    21
         Club              ||     2
         Punch             ||     1
   Stab: Sleeping          ||     7
 Armour: Skin              ||    11
  Dodge: Dodged            ||    56
